 Dungeon Crawl Stone Soup version 0.24-a0-170-gd8427f5 (console) character file.

Game seed: 15190858789798174236

14686 Duffy the Cleaver (level 12, 0/110 HPs)
             Began as a Naga Gladiator on Mar 11, 2019.
             Was a Priest of the Shining One.
             Slain by a crocodile (9 damage)
             ... on level 2 of the Lair of Beasts.
             The game lasted 00:16:07 (13736 turns).

Duffy the Cleaver (Naga Gladiator)                 Turns: 13736, Time: 00:16:08

Health: 0/110      AC: 19    Str: 18    XL:     12   Next: 19%
Magic:  16/16      EV:  5    Int: 13    God:    the Shining One [***...]
Gold:   505        SH:  0    Dex: 12    Spells: 11/11 levels left

rFire    . . .     SeeInvis +   a - +0 battleaxe
rCold    . . .     Gourm    .   (shield currently unavailable)
rNeg     + . .     Faith    .   d - +0 plate armour
rPois    +         Spirit   .   c - +0 helmet
rElec    .         Reflect  .   q - +2 cloak {+Inv}
rCorr    +         Harm     .   n - +0 pair of gloves
MR       +....                  (no barding)
Stlth    ..........             G - amulet of regeneration
HPRegen  0.68/turn              H - +2 ring of slaying
MPRegen  0.15/turn              B - ring of resist corrosion

@: glowing, very slow
A: large, see invisible, deformed body, poison resistance, slowness 2, slow
metabolism 1, spit poison 1, AC +4
a: Spit Poison, Divine Shield, Renounce Religion, Evoke Invisibility


You were on level 2 of the Lair of Beasts.
You worshipped the Shining One.
The Shining One was most pleased with you.
You were not hungry.

You visited 3 branches of the dungeon, and saw 13 of its levels.

You collected 736 gold pieces.
You spent 231 gold pieces at shops.

Inventory:

Hand Weapons
 a - a +0 battleaxe (weapon)
 b - a +0 hand axe of venom
 e - a +0 broad axe
 F - a +0 war axe
Missiles
 C - 3 throwing nets (quivered)
Armour
 c - a +0 helmet (worn)
 d - a +0 plate armour (worn)
 n - a +0 pair of gloves (worn)
 q - a +2 cloak of invisibility (worn)
 D - a +1 chain mail of fire resistance
Jewellery
 k - an uncursed ring of protection from fire
 m - an uncursed ring of magical power {unknown}
 v - an uncursed ring of ice
 B - a ring of resist corrosion (right hand)
 G - an amulet of regeneration (around neck)
 H - a +2 ring of slaying (left hand)
 N - an uncursed ring of magical power {unknown}
Wands
 j - a wand of iceblast (18)
 x - a wand of digging (6)
 E - a wand of clouds (3)
 L - a wand of acid (3)
Scrolls
 l - 5 scrolls of blinking
 o - 3 scrolls of fog
 r - 2 scrolls of magic mapping
 u - 3 scrolls of teleportation
 y - a scroll of holy word
 O - a scroll of remove curse
Potions
 g - 3 potions of lignification
 h - 2 potions of degeneration {unknown}
 i - 6 potions of flight
 p - 4 potions of heal wounds
 s - 2 potions of might {unknown}
 w - 5 potions of curing
 A - 3 potions of resistance
 I - a potion of brilliance {unknown}
 J - a potion of mutation {unknown}
 K - 2 potions of magic {unknown}
 M - 3 potions of haste
Miscellaneous
 t - a phial of floods (inert)
Comestibles
 f - 25 rations
 z - 4 chunks of flesh


   Skills:
 + Level 7.9 Fighting
 + Level 12.3 Axes
 - Level 1.7 Throwing
 + Level 9.8 Armour
 - Level 2.4 Dodging
 - Level 6.0 Evocations


You had 11 spell levels left.
You didn't know any spells.
Your spell library contained the following spells:

 Spells                   Type           Power        Failure   Level  Hunger
 Infusion                 Chrm           #...         100%        1    ##.....
 Magic Dart               Conj           #...         100%        1    ##.....
 Searing Ray              Conj           #.....       100%        2    ###....
 Shroud of Golubria       Chrm/Tloc      #.........   100%        2    ###....
 Song of Slaying          Chrm           #.......     100%        2    ###....
 Dazzling Spray           Conj/Hex       #.....       100%        3    ####...
 Regeneration             Chrm/Necr      #.........   100%        3    ####...
 Spectral Weapon          Hex/Chrm       #.......     100%        3    ####...
 Cause Fear               Hex            #.........   100%        4    #####..
 Force Lance              Conj/Tloc      #.......     100%        4    #####..
 Fulminant Prism          Conj/Hex       #.........   100%        4    #####..
 Iskenderun's Mystic Bla  Conj           #.......     100%        4    #####..
 Silence                  Hex/Air        #.........   100%        5    ######.
 Yara's Violent Unravell  Hex/Tmut       #.........   100%        5    ######.
 Deflect Missiles         Chrm/Air       #.........   100%        6    #######
 Discord                  Hex            #.........   100%        8    #######


Dungeon Overview and Level Annotations

Branches:
Dungeon (10/15)            Temple (1/1) D:4            Lair (2/6) D:8
  Swamp: Lair:2-4    Shoals: Lair:2-4     Snake: Lair:2-4    Spider: Lair:2-4
    Orc: D:9-12

Altars:
Ashenzari
Cheibriados
Dithmenos
Elyvilon
Fedhas
Gozag
Hepliaklqana
Kikubaaqudgha
Makhleb
Nemelex Xobeh
Okawaru
Qazlal
Ru
Sif Muna
Trog
Uskayaw
Vehumet
Wu Jian
Xom
Yredelemnul
Zin
The Shining One

Shops:
D:4 %   D:6 =

Annotations:
D:4 exclusion: upstairs


Innate Abilities, Weirdness & Mutations

You cannot wear boots.
Your serpentine skin is tough. (AC +4)
You have supernaturally acute eyesight. (SInv)
Armour fits poorly on your strangely shaped body.
Your system is resistant to poisons. (rPois)
You cover ground very slowly.
You have a slow metabolism.
You can spit poison.


Message History

You slash the water moccasin! You slash the crocodile!
The water moccasin bites you but does no damage.
The porcupine closely misses you.
A bullfrog comes into view.
The komodo dragon barely misses you.
The crocodile bites you but does no damage.
The crocodile bites you!
The water moccasin bites you but does no damage.
The bullfrog gives a loud, deep croak!
You slash the komodo dragon!
The komodo dragon is moderately wounded.
You slice the crocodile!! You slash the porcupine!
You kill the porcupine!
You barely miss the crocodile. You barely miss the water moccasin.
Your surroundings suddenly seem different.
Splash!
A spiny frog comes into view.
The spiny frog croaks.
The crocodile bites you!
You die...

#....# P... #....# #..## #..l.##
##...# #.....# #....# ###
######....######...##
.~~~#~~~8#....P.#^.......
..PP.P.....~~~~~~~#...............
...P..........~~~#...#...#.#....#
F.............@~#...#########.##
#....}....7.tP~#.... #..#
#....7P...7..FP#...# #.##
+.P.......#...7#...# #.P#
+.tlS~~P.P#P..77...# #.##
#.~~t~~~~.#P..77...# ##..#
###7########++##...# #P.## ~~
#...# ### ##.P# ...
#...####.###....


You could see a spiny frog and a crocodile.

Vanquished Creatures
  Erolcha (D:10)
  A hydra (Lair:1)
  2 two-headed ogres
  A cyclops (D:8)
  A black mamba (Lair:2)
  Maurice (D:9)
  2 spiny frogs (Lair:1)
  4 komodo dragons
  Grinder (D:6)
  2 hippogriffs
  Sigmund (D:3)
  5 yaks (Lair:1)
  Eustachio (D:3)
  2 wyverns (D:8)
  A basilisk (Lair:1)
  Edmund (D:6)
  Menkaure (D:4)
  A hungry ghost (D:8)
  An acid dragon (D:8)
  7 water moccasins
  3 porcupines
  Duvessa (D:7)
  8 orc warriors
  An ice beast (D:9)
  4 sky beasts
  3 black bears
  A phantom (D:7)
  A necrophage (D:5)
  4 centaurs
  6 ogres
  6 crocodiles
  7 bullfrogs
  A gnoll sergeant (D:8)
  Dowan (D:7)
  3 scorpions
  3 killer bees (D:9)
  5 howler monkeys
  4 wights (D:6)
  A lava snake (D:7)
  6 crimson imps
  3 quasits
  8 orc priests
  A bullfrog skeleton (D:9)
  3 jellies
  5 hounds
  11 orc wizards
  Ijyb (D:5)
  Natasha (thrice) (D:3)
  An iguana (D:7)
  7 worker ants
  A killer bee zombie (D:8)
  A worker ant zombie (D:6)
  7 gnolls
  6 adders
  2 shadow imps
  2 oozes
  2 adder skeletons
  2 worms
  2 dart slugs
  28 orcs
  7 giant cockroaches
  8 goblins
  8 hobgoblins
  20 jackals
  7 kobolds
  6 quokkas
  2 ball pythons
  9 bats
  6 frilled lizards
  A leopard gecko skeleton (D:7)
  2 quokka zombies (D:7)
  9 rats
287 creatures vanquished.

Notes
Turn   | Place    | Note
-------+----------+-------------------------------------------
     0 | D:1      | Duffy the Naga Gladiator began the quest for the Orb.
     0 | D:1      | Reached XP level 1. HP: 19/19 MP: 1/1
   215 | D:1      | Reached XP level 2. HP: 26/26 MP: 2/2
   637 | D:1      | Reached skill level 4 in Axes
   897 | D:1      | Reached XP level 3. HP: 32/32 MP: 3/3
  1520 | D:1      | Reached XP level 4. HP: 17/39 MP: 4/4
  1691 | D:2      | Reached skill level 1 in Armour
  2050 | D:2      | Found an ornate altar of the Wu Jian Council.
  2142 | D:2      | Found a burning altar of Makhleb.
  2388 | D:3      | Noticed Sigmund
  2400 | D:3      | Killed Sigmund
  2400 | D:3      | Reached skill level 5 in Axes
  2400 | D:3      | Reached XP level 5. HP: 11/45 MP: 5/5
  2400 | D:3      | Reached XP level 6. HP: 13/52 MP: 6/6
  3035 | D:3      | Noticed Natasha
  3047 | D:3      | Killed Natasha
  3047 | D:3      | Reached skill level 6 in Axes
  3194 | D:3      | Noticed Natasha
  3210 | D:3      | Killed Natasha
  3415 | D:3      | Noticed Natasha
  3430 | D:3      | Killed Natasha
  3661 | D:3      | Reached XP level 7. HP: 60/60 MP: 7/7
  4025 | D:4      | Found a staircase to the Ecumenical Temple.
  4037 | Temple   | Entered the Ecumenical Temple
  4194 | D:4      | Noticed Menkaure
  4201 | D:4      | Killed Menkaure
  4356 | D:4      | Noticed Eustachio
  4387 | D:3      | Killed Eustachio
  4387 | D:3      | Reached skill level 7 in Axes
  4471 | D:3      | Found a shattered altar of Ashenzari.
  4574 | D:4      | Reached XP level 8. HP: 64/67 MP: 8/8
  5197 | D:4      | Found Caix's Food Shop.
  5224 | D:4      | You fall through a shaft!
  5224 | D:5      | Entered Level 5 of the Dungeon
  5367 | D:4      | Found an opulent altar of Gozag.
  5409 | D:5      | Noticed Ijyb
  5419 | D:5      | Killed Ijyb
  5558 | D:5      | Reached skill level 5 in Armour
  6382 | D:6      | Reached skill level 8 in Axes
  6447 | D:7      | Reached skill level 1 in Evocations
  6944 | D:6      | Reached XP level 9. HP: 70/70 MP: 10/10
  7094 | D:6      | You fall through a shaft!
  7240 | D:7      | Found a glowing golden altar of the Shining One.
  7243 | D:7      | Became a worshipper of the Shining One
  7783 | D:7      | Noticed Duvessa
  7783 | D:7      | Noticed Dowan
  7872 | D:7      | Reached skill level 9 in Axes
  8020 | D:7      | Killed Duvessa
  8021 | D:7      | Killed Dowan
  8335 | D:6      | Reached * piety under the Shining One
  8361 | D:6      | Noticed Edmund
  8365 | D:6      | Reached skill level 5 in Evocations
  8371 | D:6      | Killed Edmund
  8493 | D:6      | Noticed Grinder
  8510 | D:6      | Killed Grinder
  8510 | D:6      | Reached XP level 10. HP: 56/80 MP: 12/14
  8567 | D:6      | Found Zaxos's Jewellery Emporium.
  8591 | D:6      | Bought a +2 ring of slaying for 231 gold pieces
  8871 | D:7      | Reached skill level 10 in Axes
  9287 | D:8      | Reached ** piety under the Shining One
  9932 | D:8      | Noticed a cyclops
 10098 | D:8      | HP: 2/82 [cyclops (21)]
 10099 | D:8      | Killed a cyclops
 10535 | D:8      | Found a staircase to the Lair.
 10889 | D:9      | Noticed a two-headed ogre
 10893 | D:9      | Killed a two-headed ogre
 10893 | D:9      | Reached skill level 5 in Fighting
 10893 | D:9      | Reached skill level 11 in Axes
 10893 | D:9      | Reached XP level 11. HP: 96/96 MP: 15/15
 11009 | D:9      | Noticed Maurice
 11027 | D:9      | Killed Maurice
 11250 | D:9      | Found a blossoming altar of Fedhas.
 11252 | D:9      | Found a stormy altar of Qazlal.
 11430 | D:10     | Entered Level 10 of the Dungeon
 11637 | D:10     | Noticed a two-headed ogre
 11637 | D:10     | Reached *** piety under the Shining One
 11644 | D:10     | Killed a two-headed ogre
 12031 | D:10     | Noticed Erolcha
 12034 | D:10     | Killed Erolcha
 12234 | Lair:1   | Entered Level 1 of the Lair of Beasts
 12872 | Lair:1   | Reached skill level 12 in Axes
 12954 | Lair:1   | Reached XP level 12. HP: 90/109 MP: 16/16
 13263 | Lair:1   | Noticed a seven-headed hydra
 13269 | Lair:1   | Killed a seven-headed hydra
 13736 | Lair:2   | Slain by a crocodile

Levels and vault maps discovered:
D:1:      dpeg_arrival_court, layout_rooms, serial_forest,
          infiniplex_forest_clump_curved, infiniplex_forest_clump_long,
          infiniplex_forest_fountain, infiniplex_forest_straight_4,
          infiniplex_forest_clump_medium, infiniplex_forest_straight_3,
          infiniplex_forest_clump_small, infiniplex_forest_straight_4,
          chequers_garden
D:2:      layout_basic, lemuel_round_altar, lemuel_round_altar
D:3:      lemuel_upstairs_altar, layout_loops_ring, first_ration, uniq_natasha,
          uniq_sigmund
D:4:      layout_basic, marbit_many_paths, minmay_temple_entry_large_hall,
          serial_shops, shop, kennysheep_dice, uniq_eustachio, uniq_menkaure
D:5:      layout_gridville, uniq_ijyb
D:6:      layout_basic, kennysheep_nondescript, minmay_shop_enchanted_jewellery,
          grunt_decor_mini_mirrors, uniq_edmund, uniq_grinder
D:7:      layout_loops_ring, tso_oasis_becter, grunt_ogre_cave,
          kennysheep_opposing_triangles, uniq_duvessa
D:8:      layout_basic, erik_lair_dragon, sword_in_stone
D:9:      layout_rooms, grunt_temple_overflow_forces_of_nature, uniq_maurice
D:10:     layout_irregular_city, uniq_erolcha
Temple:   compressed_dpeg_circular_temple
Lair:1:   layout_gridlike, minivault_11, grunt_megastairs_2
Lair:2:   cheibrodos_lair_overgrown_chateau, layout_chaotic_city,
          minmay_shoals_entry_beasts

Skill      XL: |  1  2  3  4  5  6  7  8  9 10 11 |
---------------+----------------------------------+-----
Axes           | 4 5 6 7 8 9 11 12 | 12.3
Armour         | 2 3 4 5 7 8 9 |  9.8
Evocations     | 2 5 6 |  6.0
Fighting       | 5 7 |  7.9
Throwing       | |  1.7
Dodging        | |  2.4

Action                   |  1- 3 |  4- 6 |  7- 9 | 10-12 || total
-------------------------+-------+-------+-------+-------++-------
Melee: War axe           |   103 |    86 |    70 |       ||   259
       Hand axe          |       |    60 |   311 |       ||   371
       Battleaxe         |       |       |    60 |   405 ||   465
Throw: Throwing net      |       |       |     6 |     1 ||     7
 Abil: Spit Poison       |     4 |    15 |     3 |     1 ||    23
Evoke: Wand              |       |       |       |    24 ||    24
       Phial of floods   |       |       |       |     1 ||     1
  Use: Scroll            |       |       |     5 |    13 ||    18
       Potion            |       |       |     1 |       ||     1
 Stab: Held in net/web   |       |       |     2 |       ||     2
  Eat: Chunk             |       |     8 |    13 |    18 ||    39
Armor: Leather armour    |    40 |       |       |       ||    40
       Ring mail         |     5 |    70 |     1 |       ||    76
       Chain mail        |       |       |   158 |       ||   158
       Plate armour      |       |       |   167 |   379 ||   546
Dodge: Dodged            |    91 |    66 |   131 |   116 ||   404

Table legend:
 A = Non-vault XP
 B = Vault XP
 C = Vault XP percentage of total XP
 D = Non-vault monster count
 E = Vault monster count
 F = Vault count percentage of total count
                 A         B        C        D         E       F
            +---------+---------+-------+---------+---------+-------
      Total |   15290 |    5690 |  27.1 |     257 |      30 |  10.5
            +---------+---------+-------+---------+---------+-------
        D:1 |      93 |       0 |   0.0 |      33 |       0 |   0.0
        D:2 |      29 |       0 |   0.0 |      12 |       0 |   0.0
        D:3 |     244 |     468 |  65.7 |      32 |       3 |   8.6
        D:4 |     195 |     213 |  52.2 |      10 |       2 |  16.7
        D:5 |     423 |      38 |   8.2 |      22 |       1 |   4.3
        D:6 |    1078 |     459 |  29.9 |      25 |       2 |   7.4
        D:7 |    1875 |     395 |  17.4 |      33 |       5 |  13.2
        D:8 |    1799 |    1515 |  45.7 |      22 |       9 |  29.0
        D:9 |    2633 |     415 |  13.6 |      37 |       1 |   2.6
       D:10 |    1624 |    1032 |  38.9 |       9 |       1 |  10.0
     Temple |       1 |       0 |   0.0 |       1 |       0 |   0.0
     Lair:1 |    4140 |    1019 |  19.8 |      16 |       5 |  23.8
     Lair:2 |    1156 |     136 |  10.5 |       5 |       1 |  16.7
            +---------+---------+-------+---------+---------+-------
